 Dungeon Crawl Stone Soup version 0.30-a0-600-gb7c8574cbb (webtiles) character file.

Game seed: 1114439986507077898

282 BlackLaughter the Covered (level 6, -14/38 HPs)
             Began as a Gargoyle Fighter on Jan 7, 2023.
             Demolished by an ogre
             ... wielding a +0 giant spiked club
              (17 damage)
             ... on level 4 of the Dungeon.
             The game lasted 00:10:08 (2685 turns).

BlackLaughter the Covered (Gargoyle Fighter)        Turns: 2685, Time: 00:10:09

Health: -14/38     AC: 14    Str: 20    XL:     6   Next: 28%
Magic:  0/6        EV:  8    Int:  8    God:
Gold:   158        SH:  8    Dex: 11    Spells: 5/5 levels left

rFire   . . .      SeeInvis .    a - +0 flail
rCold   . . .      Faith    .    o - +0 kite shield
rNeg    + . .      Spirit   +    b - +0 scale mail
rPois   ∞          Reflect  .    n - +0 hat
rElec   +          Harm     .    q - +2 cloak {rPois}
rCorr   .          Rampage  .    (no gloves)
Will    .....                    (no boots) Stlth
                                 k - amulet of guardian spirit
HPRegen 0.26/turn                (no ring)
MPRegen 0.10/turn                (no ring)

@: mighty
A: sickness immunity, AC +4, negative energy resistance 1, electricity
resistance, torment resistance 1, petrification resistance
a: no special abilities


You were on level 4 of the Dungeon.
You visited 1 branch of the dungeon, and saw 4 of its levels.

You collected 158 gold pieces.

Inventory:

Hand Weapons
 a - a +0 flail (weapon)
 r - a +0 heavy war axe
Armour
 b - a +0 scale mail (worn)
 c - a +0 buckler
 e - a +2 cloak
 n - a +0 hat (worn)
 o - a +0 kite shield (worn)
 q - a +2 cloak of poison resistance (worn)
Jewellery
 i - an amulet of reflection
 k - an amulet of guardian spirit (around neck)
 s - an amulet of the acrobat
Scrolls
 f - 2 scrolls of teleportation
 g - a scroll of immolation
 h - 3 scrolls of identify
 p - a scroll of poison {unknown}
 t - a scroll of enchant weapon {unknown}
 u - a scroll of vulnerability {unknown}
 w - a scroll of fog {unknown}
 x - a scroll of magic mapping {unknown}
Potions
 d - a potion of might
 j - 2 potions of heal wounds {unknown}
 l - 2 potions of magic {unknown}
 m - a potion of invisibility {unknown}


   Skills:
 + Level 3.9 Fighting
 + Level 3.8 Maces & Flails
 + Level 4.7 Armour
 + Level 1.7 Dodging
 + Level 0.1 Stealth
 + Level 4.2 Shields


You had 5 spell levels left.
You didn't know any spells.
Your spell library contained the following spells:

 Spells                   Type           Power      Damage    Failure   Level
 Sandblast                Erth           0%         2d4       98%         1
 Passwall                 Tmut/Erth      0%         N/A       99%         2
 Stone Arrow              Conj/Erth      0%         3d7       100%        3


Dungeon Overview and Level Annotations

Branches:
Dungeon (4/15)
 Temple: D:4-7

Altars:


Innate Abilities, Weirdness & Mutations

You are immune to sickness and miasma.
Your stone body is resilient. (AC +4)
You are immune to poison.
You resist negative energy. (rN+)
You are resistant to electric shocks. (rElec)
You are resistant to unholy torment.
You are immune to petrification.


Message History

The ogre shouts!
Found a stone staircase leading down.
You block the adder's attack. The adder bites you but does no damage.
You closely miss the adder. The adder bites you but does no damage.
The ogre completely misses you.
You closely miss the adder. The adder closely misses you.
The adder bites you but does no damage. You block the ogre's attack.
You closely miss the adder. The adder bites you but does no damage.
You block the adder's attack.
The ogre hits you with a +0 giant spiked club!!
You barely miss the adder. The adder barely misses you.
You block the adder's attack. You block the ogre's attack.
You closely miss the adder. You block the adder's attack. The adder bites you.
You block the ogre's attack.
You sock the adder!
The adder is severely wounded.
You block the adder's attack. The adder bites you but does no damage.
You hit the adder but do no damage.
The adder is severely wounded.
The ogre hits you with a +0 giant spiked club!
* * * LOW HITPOINT WARNING * * *
The adder bites you but does no damage.
You barely miss the adder.
The adder is severely wounded.
The adder bites you but does no damage. The ogre closely misses you.
The adder bites you but does no damage.
You feel better. You block the adder's attack. The ogre closely misses you.
You feel very mighty all of a sudden. The adder barely misses you.
The adder completely misses you. The ogre barely misses you.
You thump the adder!
You kill the adder!
The ogre hits you with a +0 giant spiked club!!
* * * LOW HITPOINT WARNING * * *
You sock the ogre!
The ogre is heavily wounded.
You hit the ogre.
The ogre is severely wounded.
The ogre hits you with a +0 giant spiked club!
You die...

# #<##....####.#.#.# # #.
#.##....# #.#.#.##.####.
.#.###.####..#
#.#.#.<.......
.............#
#...#.#.###...
.#.#.........# #.....#
.#.#.#.#####.# #.#.#.#
.#.#...# #.# #.......
.#.#.#######.#####...#....
##.#.###........@..........
##.....#.###.....O....#.###.
##.......# #.#######..>>
.......### #.# .#. .#.....#
#.# .#.....# #.#
......######.#
.###.........#
.####.......##


You could see an ogre.

Vanquished Creatures
  Sigmund (D:3)
  Crazy Yiuf (D:3)
  4 adders
  A dart slug (D:3)
  An orc (D:3)
  3 ball pythons
  6 bats
  3 endoplasms
  4 giant cockroaches
  6 goblins
  8 hobgoblins
  6 jackals (D:3)
  2 quokkas (D:1)
  5 frilled lizards
  6 kobolds
  5 rats
62 creatures vanquished.

Vanquished Creatures (others)
  4 plants (D:2)
  4 withered plants (D:2)
8 creatures vanquished.

Grand Total: 70 creatures vanquished

Notes
Turn   | Place    | Note
-------+----------+-------------------------------------------
     0 | D:1      | BlackLaughter the Gargoyle Fighter began the quest for the
                  | Orb.
     0 | D:1      | Reached XP level 1. HP: 14/14 MP: 1/1
   225 | D:1      | Reached XP level 2. HP: 19/19 MP: 2/2
   555 | D:1      | Reached XP level 3. HP: 23/23 MP: 3/3
  1239 | D:2      | Found a faded altar of an unknown god.
  1696 | D:3      | Noticed Sigmund
  1706 | D:3      | Killed Sigmund
  1707 | D:3      | Reached skill level 1 in Dodging
  1707 | D:3      | Reached XP level 4. HP: 21/29 MP: 0/4
  1707 | D:3      | Reached XP level 5. HP: 24/33 MP: 0/5
  2060 | D:3      | Reached XP level 6. HP: 38/38 MP: 6/6
  2234 | D:3      | Found a runed translucent door.
  2235 | D:3      | Noticed Crazy Yiuf
  2251 | D:3      | Paralysed by Crazy Yiuf for 4 turns
  2254 | D:3      | HP: 1/38 [Crazy Yiuf/+2 quarterstaff of chaos (4)]
  2260 | D:3      | Killed Crazy Yiuf
  2685 | D:4      | Demolished by an ogre

Illustrated notes

Levels and vault maps discovered:
D:1:      dpeg_arrival_snail, layout_rooms, nicolae_hexahallways,
          chequers_avenue, nrook_loot_triangle
D:2:      layout_basic, shapermc_ecumenical_altar_flowoftime, minmay_unequal
D:3:      layout_loops_ring, uniq_sigmund, uniq_crazy_yiuf_cottage
D:4:      layout_loops_ring, general_overflow_altar,
          minmay_temple_entry_statues_fountains, chequers_serial_rivers_micro_d,
          kennysheep_cross_room

Skill      XL: |  1  2  3  4  5 |
---------------+----------------+-----
Armour         | 4 |  4.7
Maces & Flails | 3 |  3.8
Dodging        | 1 |  1.7
Shields        | 4 |  4.2
Fighting       | |  3.9
Stealth        | |  0.1

Action                   |  1- 3 |  4- 6 || total
-------------------------+-------+-------++-------
Melee: Flail             |   115 |   125 ||   240
       War axe           |       |    14 ||    14
  Use: Scroll            |     5 |       ||     5
       Potion            |       |     3 ||     3
Armor: Scale mail        |    55 |   119 ||   174
Dodge: Dodged            |    30 |    83 ||   113
Block: Buckler           |    17 |       ||    17
       Kite shield       |    24 |    75 ||    99

Table legend: (Time is in decaauts)
 A = Elapsed time spent in this place.
 B = Non-inter-level travel time spent in this place.
 C = Inter-level travel time spent in this place.
 D = Time resting spent in this place.
 E = Time spent auto-exploring this place.
 F = Levels seen in this place.
 G = Mean time per level.
                   A        B        C        D        E       F      G
               +--------+--------+--------+--------+--------+-----+--------+
         Total |   2794 |   2679 |    115 |      0 |   2014 |   4 |  698.5 |
       Dungeon |   2794 |   2679 |    115 |      0 |   2014 |   4 |  698.5 |
               +--------+--------+--------+--------+--------+-----+--------+

Top non-repeatable levels by time:
     D:1: 991 daAuts
     D:3: 944 daAuts
     D:2: 745 daAuts
     D:4: 113 daAuts
